[Event "45th FIDE Womens Olympiad 2024"]
[Site "Budapest"]
[Date "2024.09.16"]
[Round "6.81"]
[White "Shuqja, Klean"]
[Black "Koskela, Niina"]
[Result "1/2-1/2"]
[ECO "C95"]
[WhiteElo "2042"]
[BlackElo "2173"]
[Annotator "TA"]
[PlyCount "201"]
[EventDate "2024.09.05"]
[EventType "team-tourn"]
[EventCountry "HUN"]
[SourceTitle "playchess.com"]
[Source "ChessBase"]
[SourceQuality "1"]
[WhiteTeam "Albania"]
[BlackTeam "Norway"]
[WhiteTeamCountry "ALB"]
[BlackTeamCountry "NOR"]
[TimeControl "40/5400+30:1800+30"]

1. e4 e5 2. Nf3 Nc6 3. Bb5 a6 4. Ba4 Nf6 5. O-O Be7 6. Re1 b5 7. Bb3 d6 8. c3 O-O 9. h3 Nb8 10. d4 Nbd7 11. Nbd2 c5 12. Nf1 {C95: Closed Ruy Lopez: Breyer Variation with 10 d4.} c4 13. Bc2 Re8 14. a4 Rb8 15. Ng3 g6 $146 ({Predecessor:} 15... h6 16. Qe2 Bf8 17. Be3 Qc7 18. axb5 axb5 19. Qd2 Kh7 20. Nh4 g6 21. f4 exf4 22. Bxf4 {1-0 Khidirnabiev,R (1947)-Protopopova,A (1902) Saratov Shestoperov Memorial 2013 (4)}) 16. axb5 axb5 17. Be3 Bf8 18. d5 h5 19. Bg5 Be7 20. Qd2 Nh7 21. Be3 Qc7 22. Ra7 Rb7 23. Ra8 Nc5 24. Rea1 Bf8 25. Ng5 Nxg5 26. Bxg5 Bg7 27. Be3 Kh7 28. Ne2 Bd7 29. R8a3 Kg8 30. Ng3 Bf6 31. Kh2 Rc8 32. Kg1 Qd8 33. Bxc5 Rxc5 34. Ra6 Bg5 35. Qe1 Qe7 36. Ra7 Rcc7 37. Rxb7 Rxb7 38. Ra8+ Be8 39. Qa1 Kf8 40. Qa3 Qc7 41. Ra6 Be7 42. Nf1 Qd8 43. Ne3 Rb6 44. Ra8 Rb8 45. Ra6 Kg7 46. Bd1 Bf8 47. Ra7 Qf6 48. Qa5 Qd8 49. Qxd8 Rxd8 50. Nc2 Kg8 51. Rb7 ({White should try} 51. Nb4 $14) 51... Ra8 52. Na3 Bh6 53. Be2 (53. Nxb5 Bxb5 (53... Ra1 54. Rb8 $16) 54. Rxb5 Ra1 $19) 53... Ra5 54. Kh2 Bc1 55. h4 Kf8 ({Reject} 55... Bxb2 56. Nxc4 bxc4 57. Rxb2 $14) 56. g4 hxg4 57. Bxg4 Bxb2 58. Nxc4 bxc4 59. Rxb2 Bb5 60. Rb4 Ke7 61. Kg3 Ba6 62. Rb6 Ra3 63. Kg2 Ra5 64. Rb4 (64. f4 $14 exf4 65. Kf3) 64... f5 $2 (64... Ra3 $1 $11) 65. exf5 $18 gxf5 66. Bxf5 Rxd5 67. Rb6 $1 Bb5 (67... e4 $142) 68. Be4 $18 Rc5 {[#]} 69. h5 $1 d5 $2 {[#]} (69... Be8) 70. h6 $2 (70. Bf5 $1 $18) 70... dxe4 $16 71. h7 Rc8 72. Rxb5 Kf6 73. Kf1 Kg7 $2 (73... Rd8 $16) 74. Rxe5 $18 Kxh7 75. Rxe4 Kg6 76. Ke2 Kf5 77. f3 Rc7 78. Ke3 Rc8 79. f4 Rc7 80. Re5+ Kf6 81. Kd4 Rc8 82. Rc5 Re8 83. Rxc4 Kf5 84. Kd3 Ra8 85. Rd4 Ra3 86. Kc4 Ra8 87. Kb3 Rb8+ 88. Kc2 Kg4 89. c4 Kf3 90. f5 Ke3 91. Rd5 (91. Kc3 $142 Rb1 92. Rd8) 91... Ke4 $18 92. Kc3 (92. Rb5 $142 Rd8 93. Kc3) 92... Rb1 93. f6 Rc1+ 94. Kb4 Rb1+ 95. Ka5 Ra1+ 96. Kb6 Rc1 97. Kb5 Rb1+ 98. Kc6 Rf1 99. Rd6 Ke5 100. c5 Rf2 101. Kc7 1/2-1/2

[Event "45th FIDE Womens Olympiad 2024"]
[Site "Budapest"]
[Date "2024.09.16"]
[Round "6.82"]
[White "Stanford, Sheila Barth"]
[Black "Geske, Bruna"]
[Result "1-0"]
[ECO "B30"]
[WhiteElo "2175"]
[BlackElo "2023"]
[Annotator "TA"]
[PlyCount "59"]
[EventDate "2024.09.05"]
[EventType "team-tourn"]
[EventCountry "HUN"]
[SourceTitle "playchess.com"]
[Source "ChessBase"]
[SourceQuality "1"]
[WhiteTeam "Norway"]
[BlackTeam "Albania"]
[WhiteTeamCountry "NOR"]
[BlackTeamCountry "ALB"]
[TimeControl "40/5400+30:1800+30"]

1. e4 c5 2. Nf3 Nc6 3. Nc3 e5 4. Bc4 Be7 5. d3 d6 6. Nd2 Nf6 7. Nf1 O-O 8. Ne3 Be6 9. O-O Na5 10. Bd5 Nxd5 11. exd5 {The position is equal.} Bd7 12. Ne2 b5 13. f4 f5 14. b3 exf4 15. Nxf4 Bf6 16. Rb1 Re8 17. Kh1 Bd4 18. Qf3 Qe7 {[%cal Og7g6] [#] Inhibits Ne6.} 19. Ne6 $1 Bxe6 20. dxe6 g6 (20... Bxe3 $11 21. Bxe3 Qxe6) 21. Nd5 $16 Qg7 {[#]} (21... Qb7 $16 {was worth a try.} 22. Bf4 Nc6) 22. c3 $1 $18 Be5 23. b4 cxb4 (23... Nc6 24. bxc5 dxc5 25. Rxb5 Qf8) 24. d4 (24. cxb4 Nc6 $16) ({Less strong is} 24. Rxb4 Bxc3 25. g4 (25. Rxb5 Rac8 $18) 25... Nc6 $18 (25... Rxe6 $2 26. Nxc3 Rae8 27. Bd2 $18) (25... Bxb4 26. gxf5 Qe5 27. fxg6 $18)) 24... Bf6 {[#]} 25. Bh6 $1 {[%mdl 512] White is clearly winning.} Qxh6 26. Nxf6+ Kg7 (26... Kh8 $142 27. Nxe8 Rxe8) 27. Nxe8+ Rxe8 28. cxb4 Nc4 29. Qb7+ Kh8 30. Qxb5 {Weighted Error Value: White=0.16 (very precise) /Black=0.50.  Mistake:       	---       	Black=4      Inaccurate:     	White=3     	Black=2      OK:         	White=5     	Black=7      Best:        	White=3     	Black=1} 1-0

[Event "45th FIDE Womens Olympiad 2024"]
[Site "Budapest"]
[Date "2024.09.16"]
[Round "6.83"]
[White "Caku, Kler"]
[Black "Ni, Viktorija"]
[Result "1/2-1/2"]
[ECO "B45"]
[WhiteElo "1859"]
[BlackElo "2163"]
[Annotator "TA"]
[PlyCount "69"]
[EventDate "2024.09.05"]
[EventType "team-tourn"]
[EventCountry "HUN"]
[SourceTitle "playchess.com"]
[Source "ChessBase"]
[SourceQuality "1"]
[WhiteTeam "Albania"]
[BlackTeam "Norway"]
[WhiteTeamCountry "ALB"]
[BlackTeamCountry "NOR"]
[TimeControl "40/5400+30:1800+30"]

1. e4 c5 2. Nf3 e6 3. d4 cxd4 4. Nxd4 Nf6 5. Nc3 Nc6 6. Ndb5 Bb4 7. a3 Bxc3+ 8. Nxc3 d5 9. exd5 exd5 10. Bd3 O-O 11. O-O {Active counter play!} Bg4 12. Qd2 (12. f3 $14 Qb6+ 13. Kh1) 12... Ne5 13. f3 Bh5 14. f4 (14. Qf2 $11) 14... Nxd3 $15 15. Qxd3 {[#]} (15. cxd3 $15 Re8 16. d4) 15... Re8 $1 $17 16. Qd4 Rc8 17. h3 (17. Kh1 $17) 17... Ne4 (17... Rc4 $19 18. Qd3 Qb6+ 19. Kh2 Qc5) 18. Be3 {[#]} (18. Re1 $15) 18... Ng3 $1 {aiming for ...Rxc3.} 19. Rfe1 Nf5 20. Qxd5 Nxe3 21. Qxh5 Qd4 ({Resist} 21... Nxc2 22. Rxe8+ Qxe8 23. Rd1 $11) (21... Qb6 $1 $17 22. Kh2 Qxb2 (22... Nxc2 23. Rxe8+ Rxe8 24. Rc1 $11)) 22. Kh1 $11 Nxc2 23. Rxe8+ Rxe8 24. Rf1 Ne3 25. Re1 Qxf4 26. Nd5 {The position is equal.} Qg3 27. Qe2 {Hoping for Qd2.} f5 $1 28. Nxe3 {And now Qc4+ would win.} f4 $1 29. Qc4+ Kh8 30. Nc2 Rxe1+ 31. Nxe1 Qxe1+ 32. Kh2 {White wants to mate with Qc8+.} Qg3+ 33. Kh1 Qe1+ 34. Kh2 {White threatens Qc8+ and mate.} Qg3+ 35. Kh1 {Black had all chances to win.   Weighted Error Value: White=0.22 (precise) /Black=0.20 (precise) .  Mistake:       	White=5     	Black=2      Inaccurate:     	White=1     	---        OK:         	White=9     	Black=7      Best:        	White=4     	Black=3      Strong:       	---       	Black=4} 1/2-1/2

[Event "45th FIDE Womens Olympiad 2024"]
[Site "Budapest"]
[Date "2024.09.16"]
[Round "6.84"]
[White "Machlik, Monika"]
[Black "Shabanaj, Eglantina"]
[Result "1-0"]
[ECO "D36"]
[WhiteElo "2109"]
[BlackElo "1957"]
[Annotator "NA"]
[PlyCount "99"]
[EventDate "2024.09.05"]
[EventType "team-tourn"]
[EventCountry "HUN"]
[SourceTitle "playchess.com"]
[Source "ChessBase"]
[SourceQuality "1"]
[WhiteTeam "Norway"]
[BlackTeam "Albania"]
[WhiteTeamCountry "NOR"]
[BlackTeamCountry "ALB"]
[TimeControl "40/5400+30:1800+30"]

1. d4 Nf6 2. c4 e6 3. Nc3 d5 4. cxd5 exd5 5. Bg5 c6 6. e3 Be7 7. Bd3 O-O 8. h3 Nbd7 9. Qc2 Re8 10. Bf4 Nf8 11. Nf3 Bb4 12. O-O Bxc3 13. bxc3 Ne4 14. c4 Bf5 15. cxd5 cxd5 16. Qb3 Re7 17. Rfc1 Ne6 18. Bh2 Bg6 19. Rc2 Bh5 20. Bxe4 dxe4 21. Nd2 Nf8 22. d5 Rc8 23. d6 Re6 24. Rac1 Rxc2 25. Qxc2 f5 26. Nb3 Qg5 27. Bf4 Qh4 28. Bg3 Qg5 29. Nd4 Re8 30. Qc5 Bg6 31. Qd5+ Bf7 32. Qxb7 h5 33. Rc8 h4 34. Bf4 Qf6 35. d7 Rd8 36. Nc6 Bd5 37. Rxd8 Qxd8 38. Nxd8 Bxb7 39. Nxb7 Nxd7 40. Nd6 g6 41. Bg5 Nc5 42. Bxh4 a5 43. g4 fxg4 44. hxg4 a4 45. Kg2 Kg7 46. Kg3 Kh6 47. Be7 Kh7 48. Nb5 Nd3 49. Nc3 Nc1 50. Ba3 1-0

[Event "45th FIDE Womens Olympiad 2024"]
[Site "Budapest"]
[Date "2024.09.16"]
[Round "6.85"]
[White "Rogule, Laura"]
[Black "Varela La Madrid, Tilsia Carolina"]
[Result "1-0"]
[ECO "E06"]
[WhiteElo "2248"]
[BlackElo "2017"]
[Annotator "TA"]
[PlyCount "63"]
[EventDate "2024.09.05"]
[EventType "team-tourn"]
[EventCountry "HUN"]
[SourceTitle "playchess.com"]
[Source "ChessBase"]
[SourceQuality "1"]
[WhiteTeam "Latvia"]
[BlackTeam "Venezuela"]
[WhiteTeamCountry "LAT"]
[BlackTeamCountry "VEN"]
[TimeControl "40/5400+30:1800+30"]

1. d4 d5 2. c4 e6 3. Nf3 Nf6 4. g3 Be7 5. Bg2 O-O 6. O-O c6 7. Qc2 b6 8. Nbd2 Na6 9. e4 Bb7 10. e5 Nd7 11. b3 Rc8 12. Bb2 c5 13. Rad1 {The position is equal.} Qc7 14. Qb1 cxd4 (14... Qb8 $142) 15. Nxd4 $11 dxc4 (15... Nxe5 $11 16. Rfe1 Bf6 (16... dxc4 $2 17. Nb5 $18)) 16. Nb5 $16 Qb8 17. Bxb7 Qxb7 18. Nxc4 (18. bxc4 Nac5 $11) 18... Rcd8 19. Ncd6 Qb8 20. Qe4 Nc7 21. Nd4 {Black must now prevent Nc6. White is much more active.} f5 (21... Nxe5 $1 $14 22. Nxf7 Rxd4 (22... Nxf7 $2 23. Nc6 $18) 23. Rxd4 (23. Qxe5 Bf6 $11) 23... Nxf7) 22. Qe2 Nxe5 23. N4xf5 Bxd6 24. Rxd6 $40 {[%mdl 128] White has strong attack.} ({Much weaker is} 24. Nxd6 $6 Nf3+ 25. Kh1 Rxd6 26. Rxd6 Qa8 $11) (24. Bxe5 {simplifies} exf5 25. Rxd6 Rf7 26. Rc1) 24... Nf3+ {Black is weak on the dark squares} 25. Qxf3 {[%cal Of3g4] Intending Qg4! and mate.} Rxd6 $4 {[%mdl 8192] Black cannot hold the game after this.} (25... Rxf5 26. Qc6 Rf7 27. Rc1) (25... exf5 $16 {is more resistant.} 26. Be5 Rf7) 26. Qg4 $1 $18 (26. Bxg7 $2 {is the wrong capture.} Rxf5 27. Qg4 h5 $19) 26... Rd7 27. Nxg7 Kf7 28. Re1 Re7 {[#]} 29. Nf5 $1 Ke8 30. Nxe7 {Rxe6 would kill now.} Kxe7 31. Qg7+ Ke8 32. Ba3 {Weighted Error Value: White=0.11 (very precise) /Black=0.81.  Loses game:     	---       	Black=1      Mistake:       	---       	Black=3      Inaccurate:     	White=2     	Black=4      OK:         	White=3     	Black=2      Best:        	White=3     	---        Strong:       	White=1     	---} 1-0

[Event "45th FIDE Womens Olympiad 2024"]
[Site "Budapest"]
[Date "2024.09.16"]
[Round "6.86"]
[White "Rovira Contreras, Tairu Manuela"]
[Black "Ter-Avetisjana, Agnesa Stepania"]
[Result "1-0"]
[ECO "D45"]
[WhiteElo "2022"]
[BlackElo "2134"]
[Annotator "ChessBase"]
[PlyCount "101"]
[EventDate "2024.09.05"]
[EventType "team-tourn"]
[EventCountry "HUN"]
[SourceTitle "playchess.com"]
[Source "ChessBase"]
[SourceQuality "1"]
[WhiteTeam "Venezuela"]
[BlackTeam "Latvia"]
[WhiteTeamCountry "VEN"]
[BlackTeamCountry "LAT"]
[TimeControl "40/5400+30:1800+30"]

1. d4 d5 2. c4 c6 3. Nc3 Nf6 4. Nf3 e6 5. e3 Nbd7 6. Qc2 Bd6 7. g4 h6 8. g5 hxg5 9. Nxg5 Nf8 10. f4 Be7 11. Bd3 Ng4 12. h4 Nh6 13. b3 f6 14. Nf3 f5 15. Be2 Nf7 16. h5 g6 17. cxd5 exd5 18. Ne5 Nxe5 19. fxe5 Be6 20. Na4 Nd7 21. Bd2 Bh4+ 22. Kd1 Be7 23. Kc1 Ba3+ 24. Kd1 Qe7 25. Bc1 Bb4 26. a3 Ba5 27. b4 Bc7 28. b5 c5 29. dxc5 Bxe5 30. Bb2 Bxb2 31. Qxb2 d4 32. exd4 Nf6 33. Re1 O-O-O 34. Kc2 Ne4 35. Bf3 Qf6 36. Rad1 Bd5 37. Kb1 g5 38. Nc3 Nxc3+ 39. Qxc3 g4 40. Bxd5 Rxd5 41. Re5 Rhd8 42. Rxd5 Rxd5 43. Qb3 Rd8 44. c6 f4 45. d5 Qf5+ 46. Ka2 Rd6 47. h6 g3 48. Qc3 b6 49. Kb3 Rxh6 50. Qg7 Qh7 51. Qf8+ 1-0

[Event "45th FIDE Womens Olympiad 2024"]
[Site "Budapest"]
[Date "2024.09.16"]
[Round "6.87"]
[White "Krumina, Linda"]
[Black "Otazo Sanchez, Annyd Gabriela"]
[Result "1-0"]
[ECO "E90"]
[WhiteElo "2091"]
[BlackElo "1976"]
[Annotator "NA"]
[PlyCount "99"]
[EventDate "2024.09.05"]
[EventType "team-tourn"]
[EventCountry "HUN"]
[SourceTitle "playchess.com"]
[Source "ChessBase"]
[SourceQuality "1"]
[WhiteTeam "Latvia"]
[BlackTeam "Venezuela"]
[WhiteTeamCountry "LAT"]
[BlackTeamCountry "VEN"]
[TimeControl "40/5400+30:1800+30"]

1. d4 Nf6 2. Nf3 g6 3. c4 Bg7 4. Nc3 O-O 5. e4 d6 6. h3 e5 7. d5 a5 8. g4 Na6 9. Be3 b6 10. Rg1 Nc5 11. Nd2 Bd7 12. Be2 Ne8 13. Qc2 Qe7 14. O-O-O a4 15. Rg2 a3 16. b3 Na6 17. Nf3 Nf6 18. Kb1 Rfb8 19. Rc1 Nb4 20. Qd2 c5 21. Bg5 Qf8 22. Rcg1 Ne8 23. h4 Nc7 24. h5 f6 25. h6 Bh8 26. Be3 b5 27. Nh4 bxc4 28. Bxc4 Nb5 29. Bxc5 Nxc3+ 30. Qxc3 Na6 31. Bxa3 Nc7 32. Bc1 Bb5 33. Nf3 Bxc4 34. Qxc4 Qf7 35. Bb2 Nb5 36. a4 Nc7 37. Rc1 Na6 38. Ba3 Qb7 39. Nd2 Rc8 40. Qd3 Rxc1+ 41. Kxc1 Rc8+ 42. Nc4 Nc5 43. Bxc5 Rxc5 44. Kb2 Qb8 45. Rg1 Qf8 46. Qd2 Kf7 47. Qb4 Qxh6 48. Nxd6+ Ke7 49. Qxc5 Qd2+ 50. Ka3 1-0

[Event "45th FIDE Womens Olympiad 2024"]
[Site "Budapest"]
[Date "2024.09.16"]
[Round "6.88"]
[White "Perez Hernandez, Vicmary C."]
[Black "Vidruska, Renate"]
[Result "1/2-1/2"]
[ECO "C56"]
[WhiteElo "1960"]
[BlackElo "2035"]
[Annotator "ChessBase"]
[PlyCount "106"]
[EventDate "2024.09.05"]
[EventType "team-tourn"]
[EventCountry "HUN"]
[SourceTitle "playchess.com"]
[Source "ChessBase"]
[SourceQuality "1"]
[WhiteTeam "Venezuela"]
[BlackTeam "Latvia"]
[WhiteTeamCountry "VEN"]
[BlackTeamCountry "LAT"]
[TimeControl "40/5400+30:1800+30"]

1. e4 e5 2. d4 exd4 3. Nf3 Nc6 4. Bc4 Nf6 5. e5 d5 6. Bb5 Ne4 7. Nxd4 Bd7 8. Bxc6 bxc6 9. O-O Bc5 10. f3 Ng5 11. f4 Ne4 12. Be3 Qb8 13. b3 Qb6 14. c3 a5 15. Qc1 O-O 16. Nd2 Bxd4 17. Bxd4 c5 18. Be3 Bf5 19. Nxe4 Bxe4 20. Qb2 Qb5 21. Qf2 c4 22. bxc4 Qxc4 23. Bc5 Rfe8 24. Qd4 Qe2 25. Rf2 Qg4 26. Qe3 Qf5 27. Rd1 Ra6 28. Rb2 Rg6 29. Rdd2 h5 30. Rf2 Kh7 31. Bd4 h4 32. Kf1 Qg4 33. Qe2 Qf5 34. Qe3 Qg4 35. Qd2 h3 36. g3 Qf5 37. Qe3 a4 38. a3 Qh5 39. Ke1 Qf5 40. Kd2 Bg2 41. Kc1 f6 42. Rfe2 fxe5 43. Bxe5 Qf8 44. Rb4 c5 45. Rxa4 Be4 46. Rb2 Bf5 47. Ra7 d4 48. Qd2 Ra8 49. Rbb7 Rxa7 50. Rxa7 Qc8 51. Qe2 Bg4 52. Qe4 Bf5 53. Qe2 Bg4 1/2-1/2

[Event "45th FIDE Womens Olympiad 2024"]
[Site "Budapest"]
[Date "2024.09.16"]
[Round "6.89"]
[White "Alinasab, Mobina"]
[Black "Gomez Barrera, Javiera Belen"]
[Result "1-0"]
[ECO "C68"]
[WhiteElo "2336"]
[BlackElo "2123"]
[Annotator "TA"]
[PlyCount "73"]
[EventDate "2024.09.05"]
[EventType "team-tourn"]
[EventCountry "HUN"]
[SourceTitle "playchess.com"]
[Source "ChessBase"]
[SourceQuality "1"]
[WhiteTeam "Iran"]
[BlackTeam "Chile"]
[WhiteTeamCountry "IRI"]
[BlackTeamCountry "CHI"]
[TimeControl "40/5400+30:1800+30"]

1. e4 e5 2. Nf3 Nc6 3. Bb5 a6 4. Bxc6 dxc6 5. O-O Ne7 6. Nxe5 Qd4 $1 7. Qh5 g6 $1 8. Nf3 Qxe4 {White is slightly better.} 9. Nc3 Qf4 10. d3 Qd6 (10... Qxc1 $2 11. Qe5 Qh6 (11... Qxb2 $2 12. Rab1 $18) (11... f6 $2 12. Qxf6 Qh6 13. Qxh8 $18) 12. Qxh8 $16) 11. Qh4 {[#] And now Ne4 would win.} Nf5 $1 12. Qe4+ Be7 13. Bf4 $36 {[%mdl 2048] White is really pushing.} Qd8 14. Qe5 {[%csl LRc7,LRh8] White is much more active.} f6 15. Qxc7 g5 16. Qxd8+ Kxd8 {White now steadily converts the win.} 17. Be3 Kc7 18. Nd4 Nxd4 19. Bxd4 Bf5 20. Rae1 Rae8 {[#]} (20... Rhe8 $16 {keeps fighting.} 21. f3 Kd7) 21. Rxe7+ $1 Rxe7 22. Bxf6 Rhe8 23. Bxe7 ({Don't do} 23. Bxg5 Re1 24. f3 Bg6 $18) 23... Rxe7 $18 {[%mdl 4096] Endgame. KRB-KRN} 24. f4 gxf4 25. Rxf4 Bg6 26. Kf2 {Prevents Re1} Re5 27. g4 h5 28. h3 hxg4 29. hxg4 c5 30. Rf6 Be8 31. Ne4 Bd7 (31... c4 {might work better.} 32. Ke3 cxd3) 32. Kf3 {White is clearly winning.} c4 33. g5 ({Less strong is} 33. dxc4 Bxg4+ 34. Kf4 (34. Kxg4 Rxe4+ 35. Kg3 Rxc4 $11) 34... Re7 $18) 33... cxd3 34. cxd3 Rd5 (34... Re7 $142 35. g6 Be6) 35. Ke3 {Threatens to win with g6.} Rb5 36. b3 {Hoping for g6.} Re5 37. g6 {Weighted Error Value: White=0.12 (very precise) /Black=0.23 (precise) .  Mistake:       	---       	Black=3      Inaccurate:     	White=1     	Black=5      OK:         	White=17    	Black=7      Best:        	White=1     	---        Strong:       	---       	Black=2} 1-0

[Event "45th FIDE Womens Olympiad 2024"]
[Site "Budapest"]
[Date "2024.09.16"]
[Round "6.90"]
[White "Abarca Gonzalez, Damaris"]
[Black "Karimi, Setayesh"]
[Result "0-1"]
[ECO "B26"]
[WhiteElo "1991"]
[BlackElo "2105"]
[Annotator "NA"]
[PlyCount "108"]
[EventDate "2024.09.05"]
[EventType "team-tourn"]
[EventCountry "HUN"]
[SourceTitle "playchess.com"]
[Source "ChessBase"]
[SourceQuality "1"]
[WhiteTeam "Chile"]
[BlackTeam "Iran"]
[WhiteTeamCountry "CHI"]
[BlackTeamCountry "IRI"]
[TimeControl "40/5400+30:1800+30"]

1. e4 c5 2. Nc3 Nc6 3. g3 g6 4. Bg2 Bg7 5. d3 d6 6. Be3 Rb8 7. Qd2 b5 8. Nge2 b4 9. Nd1 h5 10. h3 Nd4 11. Nc1 e6 12. c3 Nc6 13. O-O Nge7 14. Ne2 Ba6 15. f4 Qd7 16. Nf2 f5 17. Rfe1 Kf7 18. d4 bxc3 19. bxc3 Bxe2 20. Rxe2 cxd4 21. Bxd4 Nxd4 22. cxd4 d5 23. e5 Nc6 24. Qc3 Rb4 25. Rd1 Rc4 26. Qe3 Rb8 27. Red2 Qd8 28. Bf1 Ra4 29. h4 Qa5 30. Rc1 Ra3 31. Rd3 Rxd3 32. Qxd3 Qb6 33. Qa6 Nxd4 34. Qxb6 axb6 35. Rc7+ Kg8 36. Nh3 Ra8 37. Ng5 Rxa2 38. Rc8+ Bf8 39. Bb5 Nxb5 40. Nxe6 Kf7 41. Nxf8 Nd4 42. Nh7 Ne2+ 43. Kf1 Nxg3+ 44. Ke1 Ra1+ 45. Kd2 Ne4+ 46. Kc2 Rf1 47. Rc7+ Ke8 48. e6 d4 49. Rd7 Rf2+ 50. Kd1 Rxf4 51. Ke1 Rxh4 52. Rxd4 Rh1+ 53. Ke2 Ke7 54. Rb4 b5 0-1

[Event "45th FIDE Womens Olympiad 2024"]
[Site "Budapest"]
[Date "2024.09.16"]
[Round "6.91"]
[White "Behzad Nazif, Parva"]
[Black "Jorquera Cabello, Valentina"]
[Result "1-0"]
[ECO "E62"]
[WhiteElo "2092"]
[BlackElo "1919"]
[Annotator "NA"]
[PlyCount "89"]
[EventDate "2024.09.05"]
[EventType "team-tourn"]
[EventCountry "HUN"]
[SourceTitle "playchess.com"]
[Source "ChessBase"]
[SourceQuality "1"]
[WhiteTeam "Iran"]
[BlackTeam "Chile"]
[WhiteTeamCountry "IRI"]
[BlackTeamCountry "CHI"]
[TimeControl "40/5400+30:1800+30"]

1. d4 Nf6 2. Nf3 g6 3. g3 Bg7 4. Bg2 d6 5. O-O O-O 6. c4 c6 7. Nc3 Bf5 8. Ne1 Qc8 9. e4 Bg4 10. f3 Bh3 11. Nd3 Bxg2 12. Kxg2 Na6 13. Be3 Nd7 14. Rc1 Nc7 15. d5 c5 16. f4 a6 17. b4 b6 18. bxc5 bxc5 19. e5 Rb8 20. Ne4 Ne8 21. h4 h6 22. h5 f5 23. Nd2 dxe5 24. fxe5 g5 25. e6 Ne5 26. Nxc5 Ng4 27. Bg1 Nef6 28. Rxf5 Rb2 29. Rc2 Rxc2 30. Qxc2 Qe8 31. Nde4 Qxh5 32. Qe2 Qg6 33. Nxf6+ Nxf6 34. Rf1 g4 35. Nd7 Rd8 36. Nxf6+ Bxf6 37. Rf4 h5 38. Qe4 Qg7 39. Qf5 Be5 40. Re4 Bf6 41. Qxh5 Qh7 42. Rxg4+ Kh8 43. Qxh7+ Kxh7 44. Bb6 Rd6 45. Bc7 1-0

[Event "45th FIDE Womens Olympiad 2024"]
[Site "Budapest"]
[Date "2024.09.16"]
[Round "6.92"]
[White "Morales Flores, Monserrat"]
[Black "Hamedi Nia, Vesal"]
[Result "0-1"]
[ECO "C01"]
[WhiteElo "1938"]
[BlackElo "1986"]
[Annotator "NA"]
[PlyCount "78"]
[EventDate "2024.09.05"]
[EventType "team-tourn"]
[EventCountry "HUN"]
[SourceTitle "playchess.com"]
[Source "ChessBase"]
[SourceQuality "1"]
[WhiteTeam "Chile"]
[BlackTeam "Iran"]
[WhiteTeamCountry "CHI"]
[BlackTeamCountry "IRI"]
[TimeControl "40/5400+30:1800+30"]

1. e4 e6 2. d4 d5 3. exd5 exd5 4. Nf3 Bd6 5. Bd3 Ne7 6. O-O Nbc6 7. c4 dxc4 8. Bxc4 O-O 9. Be3 Bg4 10. Bd3 Nf5 11. h3 Bxf3 12. Qxf3 Ncxd4 13. Bxd4 Nxd4 14. Qxb7 Rb8 15. Qe4 f5 16. Qd5+ Kh8 17. Kh1 Qf6 18. Nd2 Rxb2 19. Nb3 Ne6 20. Bc4 Nf4 21. Qf3 Ng6 22. Bd5 Qe5 23. g3 f4 24. Rae1 Qg5 25. g4 Qh4 26. Nd4 Ne5 27. Qg2 Nd3 28. Nf3 Nxf2+ 29. Rxf2 Qxf2 30. Qxf2 Rxf2 31. Ng5 h6 32. Nf7+ Kh7 33. g5 f3 34. Kg1 Rg2+ 35. Kf1 Bc5 36. g6+ Kxg6 37. Ne5+ Kh7 38. Be4+ g6 39. Nxf3 Rf2+ 0-1

[Event "45th FIDE Womens Olympiad 2024"]
[Site "Budapest"]
[Date "2024.09.16"]
[Round "6.93"]
[White "Narva, Mai"]
[Black "Lindiawati, Evi"]
[Result "1-0"]
[ECO "B01"]
[WhiteElo "2420"]
[BlackElo "1940"]
[Annotator "TA"]
[PlyCount "97"]
[EventDate "2024.09.05"]
[EventType "team-tourn"]
[EventCountry "HUN"]
[SourceTitle "playchess.com"]
[Source "ChessBase"]
[SourceQuality "1"]
[WhiteTeam "Estonia"]
[BlackTeam "Indonesia"]
[WhiteTeamCountry "EST"]
[BlackTeamCountry "INA"]
[TimeControl "40/5400+30:1800+30"]

1. e4 d5 2. exd5 Qxd5 3. Nc3 Qd6 4. d4 a6 5. Nf3 Nf6 6. g3 Bg4 7. Bg2 Nc6 8. d5 Ne5 9. O-O {[%cal Bh1f1,Bf1e1,Be1e5][%mdl 32] White is slightly better.} O-O-O 10. Bf4 Nxf3+ 11. Bxf3 Bxf3 12. Qxf3 e5 13. dxe6 Qxe6 14. Rfe1 Qf5 15. Re5 Qh3 16. Re2 (16. Rd1 {looks sharper.} Bb4 17. Red5 Nxd5 18. Nxd5 Bd6 19. Bxd6 Rxd6 20. Qc3) 16... Qh5 {Wards off Bg5} 17. Qxh5 $40 {[%mdl 128] White has some attack.} Nxh5 18. Bg5 f6 19. Bd2 Bd6 20. Ne4 {[%cal Bc3e4,Be4g5,Bg5f7][%mdl 32] [#] aiming for g4.} f5 21. Ng5 h6 {White now steadily converts the win.} ({Black should play} 21... Rde8 $14 22. Rae1 Rxe2 23. Rxe2 Kd7) 22. Nf7 $1 $16 Rde8 23. Rae1 {[%cal Ba1e1,Be1e2,Be2e7,Be7f7,Bf7f5][%mdl 32] White has more active pieces.} Rxe2 24. Rxe2 (24. Nxh8 $2 Rxd2 25. Kf1 Rxc2 $19) 24... Rf8 (24... Rg8 $16 {is a better defense.} 25. Nxd6+ cxd6) 25. Nxd6+ $18 cxd6 {[%mdl 4096] Endgame. KRB-KRN} 26. Re7 g5 27. Bb4 Rf6 28. Bc3 Rg6 29. Rf7 Re6 (29... b5 $142 30. Rxf5 Kd7 31. Rf7+ Ke8) 30. Rxf5 Kd7 31. Kg2 ({Resist} 31. h4 Rg6 32. hxg5 hxg5 $18) 31... Ke7 32. Kf3 {[#] Strongly threatening Kg4.} Rg6 33. Kg4 Ng7 34. Bxg7 Rxg7 {KR-KR} 35. Kh5 {Prevents Rg6} Ke6 36. g4 Rc7 (36... Rh7 $142 37. Kg6 Rh8) 37. c3 Rc4 38. h3 ({Less strong is} 38. Kxh6 Rxg4 39. Kg6 (39. Rxg5 Rh4+ 40. Kg6 Rxh2 $16) 39... Rh4 $16) 38... b5 39. Kxh6 b4 40. Kxg5 bxc3 41. bxc3 Rxc3 42. h4 d5 43. h5 {Black must now prevent h6.} d4 44. h6 {White wants to mate with h7.} Rh3 45. Rf8 Ke7 46. Rf4 d3 {White mates.} 47. Kg6 Rh4 48. Rd4 d2 49. f3 {Weighted Error Value: White=0.07 (flawless) /Black=0.46.  Mistake:       	---       	Black=4      Inaccurate:     	White=1     	Black=1      OK:         	White=16    	Black=11     Best:        	White=4     	Black=1} 1-0